Map: 中心协议

Players

shengy - Winner!

  • Race: Zerg Zerg
  • League: Platinum

Gsoss

  • Race: Zerg Zerg
  • League: Platinum

VOD

Have the link to the VOD?

Description

Time

  • Played on: Dec. 31, 2015, 10:41 p.m.
  • Length: 13:11
Show
View Real Time Build Order
Export as new Build Order

shengy Zerg - Winner!

Build Orders: Pool First 

Get SALT Encoding   

  12  0:01  Drone  
  13  0:12  Drone  
  14  0:16  Overlord  
  14  0:29  Drone, Extractor  
  16  0:35  Drone x2  
  17  0:45  Drone  
  18  0:51  Spawning Pool  
  18  0:55  Drone  
  18  1:25  Overlord  
  18  1:27  Drone  
  18  1:31  Hatchery  
  18  1:35  Drone  
  18  1:38  Queen  
  21  1:41  Extractor  
  20  1:52  Zergling x4  
  22  2:06  Drone, Spine Crawler  
  22  2:13  Drone  
  24  2:22  Queen  
  26  2:40  Overlord  
  26  2:45  Roach Warren  
  26  2:47  Queen  
  27  3:02  Metabolic Boost  
  27  3:06  Zergling x8  
  27  3:07  Zergling x8  
  35  3:22  Drone  
  36  3:34  Baneling Nest, Drone x4  
  35  3:35  Extractor  
  34  4:03  Queen  
  36  4:10  Overlord  
  36  4:11  Overlord  
  36  4:16  Roach x4  
  43  4:21  Baneling x2  
  40  4:41  Zergling x2  
  40  4:42  Zergling x12  
  46  4:47  Baneling  
  46  4:58  Drone x2  
  48  5:12  Drone x3  
  51  5:16  Lair  
  51  5:21  Overlord  
  51  5:22  Drone  
  52  5:31  Baneling x2  
  52  5:52  Drone x4  
  52  5:53  Drone x5  
  52  5:55  Extractor  
  52  5:56  Extractor  
  59  6:07  Drone x4  
  63  6:15  Baneling  
  63  6:16  Baneling x2  
  63  6:18  Baneling  
  63  6:24  Glial Reconstitution  
  62  6:43  Spire  
  62  6:44  Drone x5  
  66  6:47  Overlord x2  
  66  6:48  Overlord x2  
  67  7:01  Drone  
  67  7:04  Evolution Chamber  
  66  7:36  Hatchery, Extractor  
  64  7:41  Extractor  
  63  7:56  Mutalisk  
  63  7:57  Mutalisk x10  
  63  7:58  Mutalisk  
  87  8:14  Zergling x2  
  87  8:15  Zergling x16  
  93  8:39  Mutalisk  
  93  8:40  Mutalisk x3  
  93  9:08  Baneling  
  93  9:09  Baneling x6  
  75  9:33  Mutalisk x4  
  75  9:38  Zergling x4  
  84  10:00  Zergling x6  
  84  10:01  Zergling x2  
  84  10:02  Hatchery  
  87  10:11  Zergling x2  
  87  10:12  Zergling x8  
  87  10:13  Hatchery  
  91  10:15  Baneling, Extractor x2  
  91  10:16  Baneling x3  
  89  10:36  Zergling x10  
  89  10:39  Centrifical Hooks  
  89  10:41  Zerg Ground Armor Level 1  
  78  11:31  Drone x3  
  78  11:32  Drone x2  
  83  11:33  Drone  
  83  11:34  Drone x9  
  89  12:10  Mutalisk x4  
  89  12:11  Mutalisk x10  
  111  12:17  Overlord x2  
  111  12:22  Spine Crawler  
  110  12:24  Overlord x3  
  114  12:41  Baneling  
  114  12:42  Baneling x19  
  114  12:47  Drone  
  114  12:48  Drone x2  
  114  12:50  Drone  
Show
View Real Time Build Order
Export as new Build Order

Gsoss Zerg 

Build Orders: Pool First 

Get SALT Encoding   

  12  0:01  Drone  
  13  0:09  Drone  
  14  0:19  Overlord  
  14  0:39  Spawning Pool  
  14  0:40  Drone x2  
  15  0:45  Drone  
  16  0:51  Drone  
  17  1:02  Extractor  
  17  1:03  Drone  
  17  1:14  Drone  
  18  1:28  Hatchery  
  18  1:31  Queen  
  19  1:35  Drone  
  19  1:38  Drone  
  21  1:53  Zergling x2  
  22  2:03  Overlord  
  22  2:17  Overlord  
  22  2:20  Queen  
  24  2:25  Zergling x2  
  24  2:29  Drone  
  26  2:41  Zergling x6  
  26  2:42  Zergling x4  
  31  2:47  Baneling Nest  
  30  2:54  Zergling x2  
  30  2:55  Zergling x2  
  32  3:04  Drone  
  33  3:06  Drone  
  34  3:20  Zergling x2  
  34  3:21  Zergling x8  
  34  3:24  Metabolic Boost  
  39  3:32  Baneling x2  
  33  3:53  Zergling x2  
  33  3:54  Zergling x12  
  38  4:01  Baneling x3  
  38  4:04  Zergling x2  
  38  4:09  Drone  
  37  4:59  Zergling x2  
  36  5:00  Zergling x16  
  36  5:02  Roach Warren  
  36  5:04  Lair  
  43  5:08  Drone  
  43  5:11  Evolution Chamber  
  43  5:12  Evolution Chamber  
  42  5:15  Zergling x4  
  42  5:18  Baneling  
  42  5:19  Baneling x3  
  44  5:24  Spine Crawler  
  42  5:48  Overlord x3  
  42  5:56  Drone  
  43  5:58  Spine Crawler, Overlord x2  
  42  6:07  Zerg Missile Weapons Level 1  
  42  6:08  Zerg Ground Armor Level 1  
  42  6:17  Drone x2  
  42  6:18  Drone x3  
  47  6:22  Drone  
  49  6:39  Drone x4  
  54  6:40  Drone x2  
  54  6:47  Zergling x8  
  59  7:03  Extractor  
  59  7:05  Extractor x2  
  59  7:07  Roach x3  
  59  7:08  Roach x2  
  66  7:17  Roach x3  
  72  7:25  Drone x5  
  77  7:36  Roach  
  79  7:39  Drone x2  
  81  7:56  Baneling  
  81  7:57  Baneling x2  
  81  7:58  Zergling x4  
  84  8:05  Ravager  
  84  8:08  Overlord x3  
  84  8:09  Overlord  
  84  8:33  Hatchery  
  78  8:42  Zergling x2  
  78  8:43  Zergling x18  
  82  9:04  Ravager x5  
  82  9:05  Ravager x2  
  82  9:08  Zergling x2  
  82  9:09  Zergling x8  
  94  9:13  Spore Crawler  
  52  9:36  Spore Crawler x2  
  52  9:37  Spore Crawler  
  37  9:39  Hydralisk Den  
  31  9:49  Queen  
  31  9:52  Pneumatized Carapace  
  33  9:57  Spore Crawler  
  33  9:59  Spore Crawler  
  31  10:02  Spore Crawler x2  
  29  10:09  Drone x3  
  32  10:17  Zergling x4  
  34  10:28  Hydralisk  
  34  10:38  Hydralisk  
  36  10:58  Hydralisk x4  
  41  11:14  Roach  
  39  11:26  Zergling x2  
  39  11:27  Zergling x16  
  39  11:29  Ravager  
  48  11:40  Hydralisk Den  
  41  12:14  Hydralisk x5  
  41  12:15  Hydralisk  
  51  12:29  Hydralisk x2  
  52  12:40  Hatchery  
  52  12:41  Spore Crawler x2  
  52  12:42  Drone  
  52  12:43  Spore Crawler  
  49  12:44  Spore Crawler  
Tags
 
Add a new tag
Caveats
  • Supply blocks, unpowered buildings, or Contaminate may cause inaccurate times.
  • Supply counts are checked every 10 seconds.